 Dungeon Crawl Stone Soup version 0.20-a0-32-gb8e7c72 (webtiles) character file.

245 yukitheduck the Magician (level 5, -7/38 HPs)
             Began as a Mummy Wanderer on Nov 8, 2016.
             Killed from afar by an orc wizard (12 damage)
             ... with a puff of flame
             ... on level 3 of the Dungeon.
             The game lasted 00:20:18 (3015 turns).

yukitheduck the Magician (Mummy Wanderer)           Turns: 3015, Time: 00:20:19

Health: -7/38      AC:  3    Str: 15    XL:     5   Next: 84%
Magic:  21/21      EV: 11    Int: 15    God:
Gold:   119        SH:  0    Dex:  9    Spells: 2 memorised, 9 levels left

rFire  x . .     SeeInvis .     a - +3 spear
rCold  + . .     Gourm    .     e - +0 robe
rNeg   + + +     Faith    .     (no shield)
rPois  ∞         Spirit   .     (no helmet)
rElec  .         Reflect  .     i - +0 cloak
rCorr  .         Harm     .     (no gloves)
MR     .....                    (no boots)
Stlth  +.........               (no amulet)
                                (no ring)
                                m - ring of magical power

@: no status effects
A: no food or potions, fire vulnerability, cold resistance 1, negative energy
resistance 3, torment resistance, unbreathing
a: no special abilities


You were on level 3 of the Dungeon.
You were not hungry.

You visited 1 branch of the dungeon, and saw 3 of its levels.

You collected 119 gold pieces.

Inventory:

Hand Weapons
 a - a +3 spear (weapon)
 d - a +0 blowgun
Missiles
 c - 35 poisoned needles
Armour
 e - a +0 robe (worn)
 i - a +0 cloak (worn)
Jewellery
 m - a ring of magical power (left hand)
Scrolls
 f - 4 scrolls of teleportation
 h - 2 scrolls of immolation
 n - 2 scrolls of enchant armour
Books
 b - Vuliepa's Compendium of the Volcanoes

   Spells                             Type                      Level
   a - Flame Tongue                   Conjuration/Fire             1
   b - Conjure Flame                  Conjuration/Fire             3


   Skills:
 - Level 2.0 Fighting
 - Level 1.5 Throwing
 - Level 1.0 Dodging
 + Level 4.8 Spellcasting
 - Level 2.2 Conjurations
   Level 1.0 Hexes
 - Level 2.0 Fire Magic
   Level 1.0 Poison Magic


You had 9 spell levels left.
You knew the following spells:

 Your Spells              Type           Power        Failure   Level  Hunger
a - Flame Tongue          Conj/Fire      ##...        10%         1    N/A
b - Conjure Flame         Conj/Fire      ##......     24%         3    N/A

Dungeon Overview and Level Annotations

Branches:
Dungeon (3/15)

Altars:
Yredelemnul
Beogh


Innate Abilities, Weirdness & Mutations

You do not eat or drink.
Your flesh is vulnerable to fire.
You are immune to poison.
Your flesh is cold resistant. (rC+)
You are immune to negative energy. (rN+++)
You are immune to unholy pain and torment.
You can survive without breathing.


Message History

The orc wizard hits you but does no damage.
You closely miss the orc wizard.
The orc wizard is almost dead.
The orc wizard gestures at you while chanting.
You resist with some effort.
The orc wizard casts a spell.
The orc wizard flickers and vanishes!
Deactivating autopickup; reactivate with Ctrl-A.
You bump into the rock wall.
You feel less confused. Something hits you but does no damage.
You hear some strange, mumbled words.
A puff of flame appears from out of thin air!
The puff of flame hits you! The fire burns you terribly!
* * * LOW HITPOINT WARNING * * *
You hear some strange, mumbled words.
Something tries to affect you, but you resist.
A puff of flame appears from out of thin air!
The puff of flame hits you! The fire burns you terribly!
You die...

#... #.# ####'#####
#.# #........###.##
####.#...........#
...(......######.#
######...## #.###
##.## #...# # #.#
#...# # #.#
####@..#### # ##'##
#.<.......# # ##...##
#.........# #
##.....###....[....#
#
##.......#####...####
###......)..........#
..'.................#
###..........###....#
##.......#.# ##.#.#


There were no monsters in sight!

Vanquished Creatures
  An orc priest (D:3)
  An orc wizard (D:3)
  Natasha (thrice) (D:2)
  4 adders
  A worm (D:3)
  A dart slug (D:1)
  4 leopard geckos (D:1)
  3 orcs
  5 giant cockroaches
  4 goblins
  10 hobgoblins
  7 jackals
  8 kobolds
  A ball python (D:2)
  8 bats
  2 frilled lizards
  A rat (D:2)
64 creatures vanquished.

Notes
Turn   | Place    | Note
-------+----------+-------------------------------------------
     0 | D:1      | yukitheduck the Mummy Wanderer began the quest for the Orb.
     0 | D:1      | yukitheduck set off with: a +2 spear, Vuliepa's Compendium of the Volcanoes, 8 poisoned needles, a +0 blowgun, a +0 robe
     0 | D:1      | Reached XP level 1. HP: 16/16 MP: 4/4
     2 | D:1      | Learned a level 1 spell: Flame Tongue
   112 | D:1      | Reached skill level 1 in Fire Magic
   115 | D:1      | Reached XP level 2. HP: 10/22 MP: 1/6
   566 | D:1      | Identified Vuliepa's Compendium of the Volcanoes
   708 | D:2      | Reached XP level 3. HP: 27/27 MP: 3/7
   878 | D:2      | Reached skill level 1 in Conjurations
   944 | D:2      | Found a basalt altar of Yredelemnul.
  1108 | D:2      | Noticed Natasha
  1114 | D:2      | Killed Natasha
  1114 | D:2      | Reached XP level 4. HP: 20/33 MP: 3/8
  1258 | D:2      | Noticed Natasha
  1607 | D:2      | Killed Natasha
  1819 | D:2      | Learned a level 3 spell: Conjure Flame
  2167 | D:3      | Reached XP level 5. HP: 38/38 MP: 10/10
  2237 | D:3      | Found a roughly hewn altar of Beogh.
  2448 | D:2      | Reached skill level 4 in Spellcasting
  2472 | D:2      | Noticed Natasha
  2485 | D:2      | Killed Natasha
  3015 | D:3      | Killed from afar by an orc wizard

Vault maps used:
D:1:      evilmike_arrival_crescent
D:2:      overflow_temple_1_default, first_bread, minmay_tetromino_t2,
          uniq_natasha
D:3:      kennysheep_orc_chapel

Skill      XL: |  1  2  3  4  5 |
---------------+----------------+-----
Fire Magic     | 1 2 |  2.0
Conjurations   | 2 |  2.2
Spellcasting   | 4 |  4.8
Fighting       | |  2.0
Throwing       | |  1.5
Dodging        | |  1.0
Hexes          | |  1.0
Poison Magic   | |  1.0

Action                   |  1- 3 |  4- 6 || total
-------------------------+-------+-------++-------
Melee: Spear             |    21 |    63 ||    84
 Cast: Flame Tongue      |    57 |    47 ||   104
       Conjure Flame     |       |     1 ||     1
  Use: Scroll            |       |     6 ||     6
Armor: Robe              |    12 |    19 ||    31
Dodge: Dodged            |    30 |    43 ||    73
